[Event "84th Armenian-HL-ch 2024"]
[Site "Yerevan"]
[Date "2024.01.18"]
[Round "7.4"]
[White "Andriasian, Zaven"]
[Black "Petrosyan, Manuel"]
[Result "1/2-1/2"]
[ECO "C54"]
[WhiteElo "2581"]
[BlackElo "2627"]
[Annotator "TA"]
[PlyCount "49"]
[EventDate "2024.01.11"]
[EventType "tourn"]
[EventCountry "ARM"]
[SourceTitle "playchess.com"]
[Source "ChessBase"]
[SourceQuality "1"]
[TimeControl "40/5400+30:1800+30"]

1. e4 e5 2. Nf3 Nc6 3. Bc4 Bc5 4. d3 Nf6 5. Nbd2 O-O 6. O-O d6 7. c3 a5 {[%emt 0:00:19][%cal Ba7a5,Ba5a4][%mdl 32] C54: Giuoco Piano: 4 c3 Nf6, main lines with 5 d4 and 5 d3.} 8. Bb3 (8. h3 Be6 9. Bb5 Qc8 10. Bxc6 bxc6 11. d4 exd4 12. cxd4 Bb6 13. b3 a4 14. Bb2 axb3 15. axb3 Rxa1 16. Qxa1 d5 {1-0 Andriasian,Z (2611)-Petrosyan,M (2613) Wch Rapid Moscow 2019 (6)}) 8... Be6 9. h3 Bxb3 10. Nxb3 {[%emt 0:00:00] [#]} Ba7 $146 ({Predecessor:} 10... h6 11. Nxc5 dxc5 12. Be3 c4 13. dxc4 Qxd1 14. Raxd1 Nxe4 15. Rfe1 Nf6 16. g4 Rfd8 17. Rxd8+ Rxd8 {½-½ Mamedov,R (2646)-So,W (2766) Airthings Masters Div 1 W rapid 2023 (1.4)}) 11. Be3 Bxe3 12. fxe3 a4 13. Nbd2 d5 14. Qe2 Qe7 15. Rad1 Rad8 16. a3 dxe4 17. Nxe4 Nxe4 18. dxe4 Qc5 {[%emt 0:00:12] Repels Qb5} 19. Kh2 g6 20. h4 h6 21. h5 {[%emt 0:00:00] The position is equal.} Kg7 ({But not} 21... gxh5 22. Rxd8 Nxd8 23. Nh4 $14) 22. Nh4 {[%emt 0:00:00] [#] Hoping for hxg6.} Qe7 23. Nf3 Qc5 24. Nh4 {[%emt 0:00:00] hxg6 is the strong threat.} Qe7 25. Nf3 {[%emt 0:00:00] Weighted Error Value: White=0.10 (very precise) /Black=0.06 (flawless)} 1/2-1/2

[Event "84th Armenian-HL-ch 2024"]
[Site "Yerevan"]
[Date "2024.01.18"]
[Round "7.5"]
[White "Piliposyan, Robert"]
[Black "Tiraturyan, David"]
[Result "1/2-1/2"]
[ECO "B51"]
[WhiteElo "2367"]
[BlackElo "2258"]
[Annotator "TA"]
[PlyCount "80"]
[EventDate "2024.01.11"]
[EventType "tourn"]
[EventCountry "ARM"]
[SourceTitle "playchess.com"]
[Source "ChessBase"]
[SourceQuality "1"]
[TimeControl "40/5400+30:1800+30"]

1. e4 c5 2. Nf3 Nc6 3. Bb5 d6 4. O-O Bd7 5. Re1 Nf6 6. c3 a6 7. Bf1 Bg4 8. d4 Bxf3 {[%emt 0:01:06] B51: Sicilian: Moscow Variation (3 Bb5+) without 3...Bd7.} 9. gxf3 g6 10. d5 Nb8 {[%emt 0:00:04] White is slightly better.} 11. f4 Bh6 {[%emt 0:00:14] [#]} 12. Qf3 $146 ({Predecessor:} 12. Bh3 Nh5 13. Qf3 Nd7 14. Be3 O-O 15. Nd2 e6 16. Nc4 exd5 17. Nxd6 dxe4 18. Nxe4 {½-½ Teterev,V (2511)-Shirov,A (2749) EU-Cup 26th Plovdiv 2010 (4.3)}) 12... O-O 13. Bh3 {[%emt 0:01:58] Repels e6} Nh5 14. Bg4 Nf6 15. Nd2 Kh8 16. Nf1 Nbd7 (16... e6 $11) 17. Ng3 (17. Bh3 $1 $14 {should be considered.}) 17... Qc7 18. Bxd7 Nxd7 19. h4 Rae8 (19... Rg8 {is superior.}) 20. h5 $11 e6 21. Qh1 {[%emt 0:05:12] [#] Threatens to win with hxg6.} Bg7 22. dxe6 Rxe6 23. Be3 ({Much weaker is} 23. f5 gxf5 24. Nxf5 d5 $15) 23... Kg8 (23... Rg8 $14) 24. hxg6 (24. Re2 $142) 24... fxg6 $16 25. Qh3 Ree8 (25... Re7 $14) 26. Rad1 Nf6 27. f3 Qc6 28. c4 b5 29. b3 bxc4 30. bxc4 Qa4 ({Better is} 30... Nd7 $14) 31. Rxd6 Qxc4 32. Qf1 {[%emt 0:01:43] White is much more active.} Qxa2 33. Rxa6 Qb3 34. Bxc5 {[%emt 0:00:50] Hoping for Re3.} Rf7 35. Ra3 $36 {[%emt 0:05:08][%mdl 2048] White has strong initiative.} Qb8 {[%emt 0:01:31] [#]} 36. Be3 Bh6 37. Rb1 Qc7 38. Ra7 ({White should try} 38. Qc1 $16) 38... Qc3 $11 {[%emt 0:00:12] The position is equal.} 39. Qe1 Qxe1+ 40. Rxe1 Rxa7 {[%emt 0:00:00] Weighted Error Value: White=0.18 (very precise) /Black=0.13 (very precise)} 1/2-1/2

[Event "84th Armenian-HL-ch 2024"]
[Site "Yerevan"]
[Date "2024.01.19"]
[Round "8.1"]
[White "Davtyan, Artur"]
[Black "Piliposyan, Robert"]
[Result "1-0"]
[ECO "B48"]
[WhiteElo "2477"]
[BlackElo "2367"]
[Annotator "TA"]
[PlyCount "113"]
[EventDate "2024.01.11"]
[EventType "tourn"]
[EventCountry "ARM"]
[SourceTitle "playchess.com"]
[Source "ChessBase"]
[SourceQuality "1"]
[TimeControl "40/5400+30:1800+30"]

1. e4 c5 2. Nf3 e6 3. d4 cxd4 4. Nxd4 Nc6 5. Nc3 Qc7 6. Be3 a6 7. Qf3 {[%emt 0:00:18] B48: Sicilian: Taimanov: 5 Nc3 Qc7 6 Be3 a6 without Be2.} Ne5 8. Qg3 h5 9. f4 {[%emt 0:12:44] White is slightly better.} (9. Bf4 $5 d6 10. Bg5 $14) 9... h4 10. Qh3 Nc4 11. Bc1 (11. Bxc4 $14 Qxc4 12. a3) 11... b5 $1 $15 12. Qd3 {[%emt 0:00:17] [#]} (12. Bd3 $15) 12... Nb6 $146 (12... Bb7 $1 $17) ({Predecessor:} 12... Bb7 13. a4 b4 14. Ncb5 axb5 15. Nxb5 Qa5 16. Qxc4 Rc8 17. Qd4 Nf6 18. Bd3 d5 {1-0 Luque Saiz,A (2286)-Salgado Lopez,O (2070) Benidorm Bali op-A 2022 (8)}) 13. a4 b4 14. Nd1 Bb7 (14... d5 $5 15. e5 Bb7 $11) 15. a5 $36 {[%emt 0:00:30][%mdl 2048] White has good play.} Nc8 16. Be2 Nf6 17. Bf3 e5 18. Ne2 {[%emt 0:03:41] [#]} d5 $1 19. exd5 Bd6 (19... e4 $11 {remains equal.} 20. Bxe4 Bc5) 20. fxe5 $16 Bxe5 21. Bd2 Bd6 22. Ne3 {[%emt 0:12:15] Nf5 would be deadly.} Ne7 23. c4 {[%emt 0:05:54] Black must now prevent Ra4.} O-O {[%emt 0:03:10] [#]} (23... bxc3 $14 24. Bxc3 Rd8) 24. Qb3 (24. Ra4 $1 $16) 24... Rab8 $11 25. h3 (25. Bxb4 Bxb4+ 26. Qxb4 Bxd5 27. Nxd5 Nexd5 $11) 25... Bc5 ({Better is} 25... Bc8 $11) 26. O-O (26. Bxb4 $2 Bxd5 27. cxd5 (27. Nxd5 $2 Nexd5 28. cxd5 Rxb4 $19) 27... Rxb4 $19) (26. Ng4 $5) 26... Qe5 {[%emt 0:02:15] [#]} (26... Bc8 $11) 27. Kh1 $1 $16 {[%emt 0:00:27] Ng4 is the strong threat.} g5 $2 {[%emt 0:13:59] A mistake that costs the game.} (27... Bd6 $2 28. Ng4 Nxg4 29. Bf4 $18) (27... Ng6 $16) 28. Rfe1 $18 (28. Ng4 Nxg4 29. Bxg4 Bd6 $14) 28... Nf5 29. Nxf5 (29. Bxb4 $2 Bxb4 30. Qxb4 Nxe3 $19) 29... Qxf5 30. Be3 (30. Bxb4 Bxd5 31. Bxd5 Nxd5 32. cxd5 Bxb4 $11) 30... Bd6 31. Nd4 Qg6 32. Qc2 Qxc2 33. Nxc2 Nh7 (33... Rfc8 {was necessary.} 34. Bxg5 Nxd5 35. Bxd5 Bxd5) 34. c5 b3 35. Nb4 Bg3 36. Re2 f5 37. Bd4 Nf6 38. Re6 g4 39. Rxf6 ({Not} 39. Bxf6 gxf3 40. Be5 (40. Nxa6 Bxd5 41. Re7 Rxf6 $19) (40. gxf3 Bc8 $16) 40... Rbd8 41. Bxg3 (41. gxf3 Bxd5 42. Nxd5 Rxd5 $18) 41... Bxd5 $18) 39... Rxf6 40. Bxf6 gxf3 41. gxf3 Ba8 42. Nxa6 Rf8 43. Be7 Rf7 (43... Re8) 44. Bd6 Bxd5 45. Bxg3 hxg3 {[%emt 0:00:23][%mdl 4096] Endgame KRB-KRN} 46. Kg2 f4 (46... Ba8 $142 47. Kxg3 f4+ 48. Kg4 Bb7) 47. Nb4 Ba8 48. c6 Re7 49. Kf1 Kf7 50. Rc1 Rc7 51. Rc4 Ke6 52. Kg2 Ra7 53. c7 Bb7 54. c8=Q+ {[%emt 0:00:14] White is clearly winning.} Bxc8 55. Rxc8 Rxa5 56. Nd3 Kd7 57. Rc3 {[%emt 0:00:07] Weighted Error Value: White=0.29 (precise) /Black=0.40} 1-0

[Event "84th Armenian-HL-ch 2024"]
[Site "Yerevan"]
[Date "2024.01.19"]
[Round "8.2"]
[White "Petrosyan, Manuel"]
[Black "Harutyunyan, Tigran K."]
[Result "0-1"]
[ECO "B40"]
[WhiteElo "2627"]
[BlackElo "2523"]
[Annotator "TA"]
[PlyCount "54"]
[EventDate "2024.01.11"]
[EventType "tourn"]
[EventCountry "ARM"]
[SourceTitle "playchess.com"]
[Source "ChessBase"]
[SourceQuality "1"]
[TimeControl "40/5400+30:1800+30"]

1. e4 c5 2. Nf3 e6 3. c3 d5 4. e5 d4 5. d3 Ne7 6. g3 {[%emt 0:01:54] B40: Sicilian: 2...e6, Unusual lines.} Nbc6 7. Bg2 Ng6 8. Qe2 {[%emt 0:01:36] The position is equal.} Qc7 9. Na3 Bd7 {[%emt 0:01:32][%cal Rg6e5] [#]} (9... Ngxe5 10. Nxe5 Nxe5 11. Bf4 $14) 10. cxd4 $146 ({Predecessor:} 10. Nb5 Qb8 11. cxd4 a6 12. Na3 cxd4 13. Nc4 Bb4+ 14. Bd2 Bxd2+ 15. Kxd2 Ra7 16. a4 {½-½ Giri,A (2760)-Aditya,M (2572) Qatar Masters op 2023 (3)}) 10... Nxd4 11. Nxd4 cxd4 12. Nc4 Bb4+ 13. Bd2 Bxd2+ 14. Kxd2 O-O 15. Rhc1 f6 16. exf6 (16. b4 $11) 16... Rxf6 $15 17. f4 Raf8 {[%emt 0:02:17][%cal Oe6e5] Hoping for ...e5!} 18. Kd1 {[%emt 0:06:39] [#]} Nxf4 $1 19. gxf4 Qxf4 20. Nd2 $2 (20. Bxb7 $2 Qb8 21. Bg2 Rf2 $19) (20. Kc2 $17 {is a better defense.} Qxh2 21. Rf1) 20... Qxh2 $19 {[%emt 0:00:00] Threatens to win with ...Rf2.} 21. Bf3 Qg1+ 22. Qe1 ({Not} 22. Kc2 $2 Rc8+ 23. Nc4 Qg3 $19) 22... Qe3 {[%emt 0:00:00][%mdl 1024] Black has strong compensation.} 23. Be4 {[%emt 0:03:33] Loses the game.} (23. Rc7 $17 {was worth a try.} R8f7 24. Rac1 (24. Rxb7 $2 {too greedy.} Rxf3 25. Qxe3 Rxe3 $19) (24. Qxe3 $2 dxe3 25. Rxb7 exd2 $19) 24... Rxf3 25. Nxf3 Qxf3+ 26. Qe2) 23... Rf2 24. Rc7 $2 (24. Rab1) 24... Ba4+ {[%emt 0:00:00] Black is clearly winning.} 25. b3 Be8 {[%emt 0:00:00][%cal Of2d2] White must now prevent ...Rxd2+!} 26. Kc2 Re2 27. Qc1 {[%emt 0:00:10] [#]} Rf1 $3 {[%emt 0:00:00][%mdl 576] Pin. A superb game by Harutyunyan.   Weighted Error Value: White=1.04/Black=0.18 (very precise)} 0-1

[Event "84th Armenian-HL-ch 2024"]
[Site "Yerevan"]
[Date "2024.01.19"]
[Round "8.3"]
[White "Ter-Sahakyan, Samvel"]
[Black "Andriasian, Zaven"]
[Result "1-0"]
[ECO "B90"]
[WhiteElo "2649"]
[BlackElo "2581"]
[Annotator "TA"]
[PlyCount "71"]
[EventDate "2024.01.11"]
[EventType "tourn"]
[EventCountry "ARM"]
[SourceTitle "playchess.com"]
[Source "ChessBase"]
[SourceQuality "1"]
[TimeControl "40/5400+30:1800+30"]

1. e4 c5 2. Nf3 d6 3. d4 cxd4 4. Nxd4 Nf6 5. Nc3 a6 6. f3 e5 7. Nb3 Be7 8. Be3 Be6 9. Qd2 h5 10. Nd5 Nxd5 11. exd5 Bf5 {[%emt 0:00:07] B90: Sicilian Najdorf: Unusual White 6th moves, 6 Be3 Ng4 and 6 Be3 e5.} 12. Be2 Nd7 {[%emt 0:01:56] 12...a5 might become the main line.} 13. O-O Bg6 {[%emt 0:06:35] White is slightly better.} 14. Na5 Qc7 15. c4 O-O 16. b4 b6 17. Nc6 Bf6 18. Rac1 Rfe8 19. Bd1 a5 20. bxa5 bxa5 {[%emt 0:00:15] [#]} 21. Ba4 $1 {[%emt 0:00:58] [#]} h4 $146 ({Predecessor:} 21... Bf5 22. Bb5 Rec8 23. a4 Kh7 24. g4 Bg6 25. h3 Nb8 26. c5 dxc5 27. d6 Qb7 28. Nxb8 Raxb8 {1-0 Stany,G (2502)-Raghunandan,K (2394) Gujarat op 1st 2018 (4)}) 22. h3 Kh7 23. Kh1 Bf5 24. c5 Rec8 25. Rc4 (25. Bg5 $18) 25... dxc5 $16 26. d6 (26. Bxc5 Nxc5 27. Bc2 (27. Rxc5 Qd6 $14) 27... Bxc2 28. Qxc2+ g6 29. Rxc5 Qd6 $16) 26... Qb7 27. Ne7 $36 {[%emt 0:17:49][%mdl 2048] White is on the roll. White has more active pieces.} (27. Bxc5 $2 Rxc6 28. Bxc6 Qxc6 $19) (27. Nxa5 $6 Qa6 28. Bg5 (28. Bxd7 $2 Bxd7 29. Qd3+ Kg8 $19) 28... Nb6 29. Bxf6 (29. Rxh4+ Kg6 $17) 29... Nxc4 $11) 27... Be6 (27... Nb6 $16 28. Rxh4+ Bxh4 29. Nxf5 Nxa4 30. Nxh4 Qb5) 28. Nxc8 Bxc4 29. Qc2+ Kg8 {[%emt 0:01:56] [#]} 30. Rb1 (30. Qxc4 Rxc8 31. Rd1 Nf8 $16) (30. Ne7+ $1 $18 Bxe7 31. Rb1 (31. Qxc4 Nb6 $14)) 30... Qa6 $2 {[%emt 0:04:19][%mdl 8192] Loses the game.} (30... Qxc8 $16 31. Qxc4 Nf8) 31. Bxd7 $18 Bd3 {[%emt 0:00:11] [#]} 32. Qxc5 Bxb1 33. Ne7+ Bxe7 (33... Kh7 $142) 34. dxe7 Bxa2 35. Qxe5 ({Weaker is} 35. e8=B Qf1+ 36. Bg1 (36. Kh2 Qe1 $16) 36... Qe1 $16) (35. e8=N Qg6 $14) 35... Be6 {[%emt 0:01:35] [#]} 36. Bd4 $1 {[%emt 0:01:09] A cool game by Ter-Sahakyan.   Weighted Error Value: White=0.16 (very precise) /Black=0.76} 1-0

[Event "84th Armenian-HL-ch 2024"]
[Site "Yerevan"]
[Date "2024.01.19"]
[Round "8.4"]
[White "Chaqryan, Erik"]
[Black "Gharibyan, Mamikon"]
[Result "0-1"]
[ECO "D02"]
[WhiteElo "2308"]
[BlackElo "2504"]
[Annotator "TA"]
[PlyCount "86"]
[EventDate "2024.01.11"]
[EventType "tourn"]
[EventCountry "ARM"]
[SourceTitle "playchess.com"]
[Source "ChessBase"]
[SourceQuality "1"]
[TimeControl "40/5400+30:1800+30"]

1. Nf3 d5 2. g3 Bg4 3. Bg2 Nd7 4. d4 c6 5. h3 Bf5 {[%emt 0:13:37] [#]} 6. c4 $1 {[%emt 0:09:11] D02: 1 d4 d5 2 Nf3 sidelines, including 2...Nf6 3 g3 and 2...Nf6 3 Bf4.} e6 7. Nc3 Ngf6 8. Qb3 {[%emt 0:04:31] White has an edge.} Qb6 9. c5 Qxb3 10. axb3 {[%emt 0:00:06] [#]} Be7 $146 ({Predecessor:} 10... a6 11. b4 Ne4 12. b5 Nxc3 13. bxc6 bxc6 14. bxc3 Be7 15. Bf4 O-O 16. O-O f6 {1-0 Mirski,S (2187)-Bilczewski,K (2125) Krakow op-A 34th 2023 (5)}) 11. b4 O-O 12. g4 Bc2 13. Bf4 a6 14. O-O h5 15. g5 Nh7 {[%emt 0:01:31] Black is weak on the dark squares} 16. h4 f6 17. Bh3 Kf7 18. Kh2 Rfe8 19. Rac1 Bf5 20. Rg1 {[%emt 0:03:56] Strongly threatening Bxf5.} Ndf8 21. gxf6 (21. Bxf5 {simplifies} exf5 22. e3 Ng6 23. Ne2) 21... gxf6 22. Bxf5 exf5 23. e3 Ne6 24. Ne2 Nhf8 $1 25. Kh3 {[%emt 0:04:17] [#]} (25. Ne1 $11) 25... Ng6 $1 $17 26. Bh2 Rg8 ({Black should play} 26... Bf8 $1 $15) 27. Ne1 $11 Bf8 (27... f4 $5) 28. Nd3 Bh6 29. Rg3 (29. Bd6 $11) 29... f4 $17 30. exf4 {[%emt 0:12:00] [#]} (30. Rf3 $2 Nxh4 31. Rxf4 (31. Kxh4 Rg4+ 32. Kxh5 Rg5+ 33. Kh4 Rh8) 31... Bxf4 32. Bxf4 Nf3 $19) (30. Rxg6 $17 Kxg6 31. Bxf4) 30... Ng7 $1 $19 (30... Nexf4+ 31. Ndxf4 Bxf4 32. Rxg6 Bxc1 33. Rxg8 Rxg8 34. Nxc1 $14) 31. Rgg1 Nf5 {[%emt 0:00:18][%mdl 1024] Black has strong compensation.} 32. Bg3 Rae8 33. Rc2 (33. Rge1 {is a better defense.}) 33... Re4 34. f3 (34. Re1 {was worth a try.}) 34... Re3 ({Worse is} 34... Nxd4 35. fxe4 Nxc2 36. exd5 $15) 35. Ndc1 Rge8 (35... Rxf3 $2 {is the wrong capture.} 36. Rc3 Ngxh4 37. Rxf3 Nxf3 38. Rf1 $19) (35... Bxf4 $142 36. Bxf4 Nxf4+ 37. Kh2 Rxf3 38. Rxg8 Rf2+ 39. Kg1 Nh3+ 40. Kh1 Kxg8) 36. Rg2 (36. Rf1 {was the crucial defense.}) 36... Rxf3 {[%emt 0:00:21][%cal Oe8e3] Hoping for ...Ree3! Black is clearly winning.} 37. Rc3 Ngxh4 {[%emt 0:00:49][%cal Bg6h4,Bh4f3,Bf3d2,Bd2c4,Bc4e3,Be3c2][%mdl 32] aiming for ...Rxc3.} 38. Rxf3 Nxf3 39. Bf2 Nd2 40. Bg1 Nc4 41. Nd3 Nce3 42. Rf2 Re4 43. Rf3 Nc2 {[%emt 0:01:55] Weighted Error Value: White=0.36/Black=0.17 (very precise)} ({Not} 43... Nxd4 44. Nxd4 Rxd4 45. Rxe3 $16) 0-1

[Event "84th Armenian-HL-ch 2024"]
[Site "Yerevan"]
[Date "2024.01.19"]
[Round "8.5"]
[White "Tiraturyan, David"]
[Black "Hovhannisyan, Robert"]
[Result "0-1"]
[ECO "A20"]
[WhiteElo "2258"]
[BlackElo "2611"]
[Annotator "TA"]
[PlyCount "150"]
[EventDate "2024.01.11"]
[EventType "tourn"]
[EventCountry "ARM"]
[SourceTitle "playchess.com"]
[Source "ChessBase"]
[SourceQuality "1"]
[TimeControl "40/5400+30:1800+30"]

1. c4 e5 2. d3 Bb4+ 3. Nd2 c5 4. g3 Ne7 5. Bg2 Nbc6 6. Ngf3 {[%emt 0:00:43] A20: English Opening: 1...e5.} O-O 7. O-O Bxd2 8. Bxd2 {[%emt 0:02:57] The position is equal.} d6 9. Bc3 {[%emt 0:19:55] [#]} f6 $146 ({Predecessor:} 9... f5 10. Rb1 a5 11. a3 a4 12. b4 axb3 13. Qxb3 f4 14. e3 Bf5 15. Bb2 fxe3 16. fxe3 {1-0 Pachman,L-Opocensky,K CSR-ch30 Kosice 1961 (9)}) 10. Rb1 b6 11. b4 Rb8 12. a3 Be6 13. Nd2 Qd7 14. b5 Nd8 15. e4 Bh3 16. f4 Bxg2 17. Kxg2 exf4 18. Rxf4 Ne6 19. Rf1 Ng6 20. Nf3 (20. a4 {looks sharper.} Ng5 21. Nf3 Ne5 22. Nh4) 20... Rbe8 21. Rb2 Rf7 22. Rbf2 Ref8 23. Ne1 (23. Nh4 {simplifies} a6 24. Nxg6 hxg6 25. a4) 23... Ng5 24. Qh5 Ne5 25. Bd2 h6 26. Bxg5 hxg5 (26... fxg5 {simplifies} 27. Rxf7 Rxf7 28. Rxf7 Qxf7 29. Qe2 g4) 27. Qe2 g6 28. h3 {[%emt 0:03:30] Against Ng4} Rh7 29. Rh1 Kg7 30. Nf3 Nf7 31. Qb2 g4 $1 $36 {[%emt 0:01:26][%mdl 2048] White is under pressure.} 32. hxg4 Rxh1 33. Kxh1 Qxg4 34. Nh2 (34. Kg2 $1 $15) 34... Qe6 $1 $19 35. Kg1 Ne5 36. Qe2 Rh8 37. Qf1 (37. Nf1 $17) 37... Rh3 38. Rg2 Rh5 (38... Qg8 $142 {Threatens to win with ...Qh8.} 39. Qf4 Qe6) 39. Nf3 Qh3 40. Nxe5 (40. Nh2 $17) 40... dxe5 $17 {[%emt 0:00:00][%mdl 4096] Endgame KQR-KQR} 41. Kf2 Qd7 42. Ke2 Qd4 $1 43. Qc1 f5 $1 {[%emt 0:03:06] Black is more active.} 44. exf5 Rxf5 (44... Qg4+ $17 45. Kd2 gxf5) 45. Qe3 $1 $11 Qa1 46. Rh2 Qb2+ 47. Qd2 Qxd2+ 48. Kxd2 {[%emt 0:00:04] KR-KR} Rf3 49. Re2 Kf6 50. Re3 Rf1 51. Kc2 Rf2+ 52. Kc3 Kf5 (52... g5 $5 ) 53. a4 g5 {[%emt 0:00:50] White must now prevent ...g4.} 54. g4+ {[%emt 0:01:43][%mdl 64] Deflection} Kxg4 55. Rxe5 {[%emt 0:00:03] And now Re7 would win.} Rf7 {[%emt 0:03:05] Wards off Re7. Hoping for ...Kf4.} 56. a5 Kf4 57. Re6 bxa5 58. d4 $1 cxd4+ 59. Kxd4 g4 {[%emt 0:00:21] Strongly threatening ...g3.} 60. Ra6 $2 {[%emt 0:02:41][%mdl 8192] White is on the road to losing.} (60. c5 $15) 60... g3 $19 61. Rxa5 g2 62. Ra1 {[%emt 0:00:05] [#]} Kg3 $2 ({Black should play} 62... Rd7+ $1 $19 63. Kc5 Rg7) 63. Kd5 $2 (63. Rg1 $11) 63... Rf5+ (63... Rf1 64. Rxa7 g1=Q 65. Rg7+ Kf3 66. Rxg1 Rxg1 67. c5 $11) 64. Kd6 {[%emt 0:08:59] [#]} a6 $1 {[%emt 0:00:35][%mdl 576] Promotion} 65. bxa6 {[%emt 0:00:23] [#]} (65. b6 Rf1) 65... Rf1 $1 (65... Rf6+ 66. Kc7 Rf7+ 67. Kb8 $15) 66. Ra5 Kh4 (66... g1=B 67. a7 (67. c5 Rf6+ 68. Kd5 Rf5+ 69. Kc4 Rf4+ 70. Kd5 Rf5+ 71. Kc6 Rf6+ 72. Kb5 Rf5 $18) 67... Bxa7 68. Rxa7 $18) ({And not} 66... g1=Q 67. Rg5+ Kf2 68. Rxg1 Kxg1 69. a7 $11) 67. a7 g1=Q {[%emt 0:02:43] ( -> ...Rf6+)} (67... g1=R 68. a8=Q (68. a8=R Rg6+ 69. Kc5 Rg5+ 70. Kb4 Rb1+ 71. Kc3 Rc1+ 72. Kb3 Rg3+ 73. Kb4 Rb1+ 74. Kc5 Rg5+ 75. Kd6 Rg6+ 76. Ke5 Re1+ 77. Kd4 Rd1+ 78. Ke5 Re1+ 79. Kf5 Rg5+ 80. Kf6 Rf1+ 81. Ke7 Re1+ 82. Kf6 Rf1+ 83. Ke7 Re1+ 84. Kf6 $14) 68... Rg6+ 69. Kd7 Rg7+ 70. Kc6 Rg6+ 71. Kb5 Rb1+ 72. Ka4 Ra1+ 73. Kb4 Rb6+ 74. Kc5) 68. a8=Q {[%emt 0:00:06] KQR-KQR} Qb6+ 69. Ke7 Qc7+ 70. Ke6 Re1+ 71. Kd5 Rd1+ 72. Ke6 Qd7+ 73. Ke5 Qd6+ 74. Ke4 Re1+ 75. Kf5 Qe6+ {[%emt 0:00:06] Weighted Error Value: White=0.25 (precise) /Black=0.11 (very precise)} 0-1

[Event "84th Armenian-HL-ch 2024"]
[Site "Yerevan"]
[Date "2024.01.20"]
[Round "9.1"]
[White "Andriasian, Zaven"]
[Black "Tiraturyan, David"]
[Result "1-0"]
[ECO "B60"]
[WhiteElo "2581"]
[BlackElo "2258"]
[Annotator "TA"]
[PlyCount "78"]
[EventDate "2024.01.11"]
[EventType "tourn"]
[EventCountry "ARM"]
[SourceTitle "playchess.com"]
[Source "ChessBase"]
[SourceQuality "1"]
[TimeControl "40/5400+30:1800+30"]

1. e4 c5 2. Nf3 d6 3. d4 cxd4 4. Nxd4 Nf6 5. Nc3 Nc6 6. Bg5 Bd7 7. Qd3 {[%emt 0:04:05] B60: Sicilian: Richter-Rauzer: Unusual Black 6th moves and 6...Bd7 without 7 Qd2.} Rc8 8. Bxf6 $5 {[%emt 0:08:15][%mdl 4] Exploring less charted territory.} gxf6 9. f4 {[%emt 0:00:31] The position is equal.} Nxd4 10. Qxd4 Qa5 11. O-O-O Qc5 {[%emt 0:00:50] [#]} (11... Bh6 {is more complex.} 12. g3 O-O 13. Nd5 Rfe8) 12. Be2 $146 ({Predecessor:} 12. Qd3 e6 13. Kb1 a6 14. g3 h5 15. h4 Rg8 16. Bh3 b5 17. Ne2 b4 18. Nd4 a5 {1-0 Sanal,V (2601)-Adly,A (2596) Wch Rapid Warsaw 2021 (7)}) 12... Qxd4 (12... Bg7 $5 ) 13. Rxd4 f5 14. exf5 Bxf5 (14... Bg7 $5 15. Rb4 b6 $11) 15. Ra4 a6 16. Rb4 Bg7 17. Rxb7 Bxc3 18. bxc3 Rxc3 19. Rb8+ (19. Bxa6 $2 Rxc2+ 20. Kd1 O-O $19) 19... Rc8 20. Rxc8+ Bxc8 $14 {[%emt 0:00:03][%mdl 4096] Endgame KRB-KRB} 21. Kd2 Kd8 22. Rb1 Kc7 {[%emt 0:08:52] Repels Rb8} 23. a4 Bb7 (23... h5 $11 {remains equal.}) 24. g4 $16 f6 25. a5 {[%emt 0:04:23] White is more active.} h6 26. Rb3 e5 ({Better is} 26... f5) 27. f5 $1 Be4 28. Ke3 (28. Bxa6 Ra8 $16) 28... Bb7 29. Kf2 Be4 30. Rb4 d5 31. c3 (31. Bxa6 $6 h5 $16) 31... h5 32. gxh5 {[%emt 0:02:12][%cal Bg4h5,Bh5h6][%mdl 32] Black must now prevent Rb6.} Rg8 {[%emt 0:00:11] [#]} (32... Bxf5 $2 33. Rb6 $18 (33. Bxa6 Rxh5 34. h4 Be4 $11)) 33. Bf3 {[%emt 0:11:15] Dodges Rg2+} ({Resist} 33. Bxa6 Rg2+ 34. Ke3 Rxh2 $14) (33. h3 $1 $16) 33... Rg5 {[%emt 0:07:23] [#] Loses the game.} (33... Bxf3 $1 $14 34. Kxf3 Rg5) 34. h6 $1 $18 (34. Bxe4 dxe4 35. h6 Rxf5+ 36. Ke3 Rh5 $11) 34... Bxf5 (34... Rxf5 $2 35. Rxe4 dxe4 36. h7 $18) 35. Rh4 {[%emt 0:01:50][%cal Oh6h7] Threatens to win with h7!} ({Weaker is} 35. Bxd5 Rh5 $16) 35... Bh7 36. Bxd5 (36. Rg4 $142 {Rxg5 would be deadly.} Rxg4 37. Bxg4) 36... f5 $2 (36... Kd6 37. Bf7 (37. Bb7 e4 $16) 37... Rf5+ 38. Ke3 Rf1) 37. Rb4 {[%emt 0:01:14] Rb7+ is the strong threat. White is clearly winning.} f4 38. Rb7+ {[%emt 0:01:07][%mdl 64] Skewer} Kd6 39. h4 Kxd5 {[%emt 0:01:52] Weighted Error Value: White=0.18 (very precise) /Black=0.51} 1-0